 Dungeon Crawl Stone Soup version 0.20-a0-1124-g2e29d97 (webtiles) character file.

254 Naow the Shield-Bearer (level 6, 0/47 HPs)
             Began as a Formicid Fighter on May 16, 2017.
             Was a Follower of Okawaru.
             Slain by an orc wizard
             ... wielding a +0 dagger
              (2 damage)
             ... on level 4 of the Dungeon.
             The game lasted 00:03:20 (3048 turns).

Naow the Shield-Bearer (Formicid Fighter)           Turns: 3048, Time: 00:03:20

Health: 0/47       AC:  6    Str: 22    XL:     6   Next: 37%
Magic:  7/7        EV:  8    Int:  8    God:    Okawaru [*.....]
Gold:   156        SH: 13    Dex: 10    Spells: 5/5 levels left

rFire    + . .     SeeInvis +   a - +0 war axe
rCold    . . .     Gourm    .   c - +0 shield
rNeg     . . .     Faith    .   b - +0 scale mail
rPois    .         Spirit   .   (helmet unavailable)
rElec    .         Reflect  +   (no cloak)
rCorr    .         Harm     .   (no gloves)
MR       .....                  (no boots)
Stlth    ..........             q - +3 amulet of reflection
Regen    0.2/turn               s - ring of fire
MPRegen  0.1/turn               t - ring of protection from cold

@: no status effects
A: permanent stasis, dig shafts and tunnels, four strong arms, antennae 3
a: Dig, Shaft Self, Heroism, Renounce Religion


You were on level 4 of the Dungeon.
You worshipped Okawaru.
Okawaru was aware of your devotion.
You were not hungry.

You visited 1 branch of the dungeon, and saw 4 of its levels.

You collected 156 gold pieces.

Inventory:

Hand Weapons
 a - a +0 war axe (weapon)
Armour
 b - a +0 scale mail (worn)
 c - a +0 shield (worn)
 o - a +0 plate armour
Jewellery
 q - a +3 amulet of reflection (around neck)
 s - a ring of fire (left hand)
 t - a ring of protection from cold (right hand)
Scrolls
 e - a scroll of recharging {unknown}
 g - 2 scrolls of teleportation {unknown}
 h - 3 scrolls of remove curse {unknown}
 i - a scroll of enchant armour {unknown}
 j - a scroll of random uselessness {unknown}
 n - 3 scrolls of identify {unknown}
 p - 2 scrolls of magic mapping {unknown}
 u - a scroll of enchant weapon {unknown}
 v - a scroll of blinking {unknown}
Potions
 d - a potion of might
 k - a potion of lignification {unknown}
 l - a potion of flight {unknown}
Comestibles
 f - 3 bread rations
 m - a meat ration
 r - 3 fruits


   Skills:
 - Level 3.2 Fighting
 * Level 5.0 Axes
 - Level 3.2 Armour
 + Level 5.2 Shields
 + Level 1.9 Invocations


You had 5 spell levels left.
You didn't know any spells.

Dungeon Overview and Level Annotations

Branches:
Dungeon (4/15)
 Temple: D:4-7

Altars:
Makhleb
Okawaru
Trog
Xom


Innate Abilities, Weirdness & Mutations

You cannot be hasted, slowed, berserked, paralysed or teleported.
You can dig through walls and to a lower floor.
Your four strong arms can wield two-handed weapons with a shield.
You have a pair of large antennae on your head. (SInv)


Message History

The orc wizard casts a spell.
The orc wizard blinks!
You are too injured to fight recklessly!
You are too injured to fight recklessly!
The orc wizard gestures wildly while chanting.
The orc wizard blinks!
The orc wizard mumbles some strange words.
The orc wizard blinks!
All of the chunks of flesh in your inventory have rotted away.
The orc wizard points at you and mumbles some strange words.
The magic dart hits you!
* * * LOW HITPOINT WARNING * * *
You hit the orc wizard.
The orc wizard is moderately wounded.
The orc wizard hits you but does no damage.
You block the orc wizard's attack.
You miss the orc wizard.
The orc wizard is moderately wounded.
The orc wizard hits you with a dagger.
You die...

#..## ###.....#
#..... ##...###
###...#### #.....
#......## #...#..#
#..... #.##....###
##.....## #..... .#
#......### #......#
..... . #........##
#......# .... #
#.........####......#
...
#...........##......#
..
#.........#..@o.....#
##......#####.......#
######## ###.....#
##....# ##....#
...... .....≈ ...≈≈≈


You could see an orc wizard.

Vanquished Creatures
  A crimson imp (D:3)
  An orc wizard (D:4)
  An orc priest (D:4)
  An iguana (D:4)
  3 gnolls (D:3)
  4 adders
  An ooze (D:2)
  6 worms
  A dart slug (D:1)
  An orc (D:3)
  2 bats (D:1)
  6 giant cockroaches
  5 hobgoblins
  4 jackals (D:3)
  A quokka (D:4)
  2 frilled lizards
  A goblin (D:3)
  7 kobolds
  5 rats
53 creatures vanquished.

Notes
Turn   | Place    | Note
-------+----------+-------------------------------------------
     0 | D:1      | Naow the Formicid Fighter began the quest for the Orb.
     0 | D:1      | Reached XP level 1. HP: 18/18 MP: 1/1
   430 | D:1      | Reached XP level 2. HP: 24/24 MP: 2/2
   868 | D:2      | Reached XP level 3. HP: 23/29 MP: 3/3
  1313 | D:2      | Found a faded altar of an unknown god.
  1354 | D:2      | Reached XP level 4. HP: 31/35 MP: 4/4
  1604 | D:2      | Found a bloodstained altar of Trog.
  1604 | D:2      | Found an iron altar of Okawaru.
  1608 | D:2      | Became a worshipper of Warmaster Okawaru
  2014 | D:3      | Found a shimmering altar of Xom.
  2014 | D:3      | Found a burning altar of Makhleb.
  2021 | D:3      | Reached skill level 1 in Invocations
  2021 | D:3      | Reached XP level 5. HP: 41/41 MP: 5/5
  2824 | D:4      | Reached skill level 5 in Shields
  2824 | D:4      | Reached XP level 6. HP: 31/47 MP: 5/7
  2830 | D:4      | Reached * piety under Okawaru
  3008 | D:4      | Reached skill level 5 in Axes
  3046 | D:4      | HP: 2/47 [orc wizard/magic dart (8)]
  3048 | D:4      | Slain by an orc wizard

Vault maps used:
D:1:      doesnt_arrival_eight_statues, kennysheep_nondescript
D:2:      gammafunk_temple_overflow_elements, chequers_ecumenical_altar_simple
D:3:      grunt_temple_overflow_champion_of_chaos, first_bread
D:4:      lemuel_crystal_altar, temple_pool_b

Skill      XL: |  1  2  3  4  5  6 |
---------------+-------------------+-----
Axes           | 3 4 5 |  5.0
Shields        | 4 5 |  5.2
Invocations    | 1 |  1.9
Fighting       | |  3.2
Armour         | |  3.2

Action                   |  1- 3 |  4- 6 || total
-------------------------+-------+-------++-------
Melee: War axe           |    65 |   122 ||   187
  Eat: Chunk             |     1 |     6 ||     7
Armor: Scale mail        |    28 |    41 ||    69
Dodge: Dodged            |    23 |    40 ||    63
Block: Shield            |    27 |    66 ||    93
